 Dungeon Sprint DCSS version 0.32-a0-422-g28b100f618 (webtiles) character file.

Game seed: 5017453005483881307

16625 adelrune the Bludgeoner (level 12, -3/124 HPs)
             Began as a Minotaur Fighter on Feb 21, 2024.
             Was the Champion of Cheibriados.
             Slain by a boulder beetle (5 damage)
             ... in the Dungeon (Sprint IX: "|||||||||||||||||||||||||||||").
             The game lasted 00:07:19 (1980 turns).

adelrune the Bludgeoner (Minotaur Fighter)          Turns: 1980, Time: 00:07:19

Health: -3/124     AC: 24    Str: 51    XL:     12   Next: 11%
Magic:  20/20      EV: 15    Int: 20    God:    Cheibriados [******]
Gold:   478        SH:  9    Dex: 24    Spells: 11/11 levels left

rFire   . . .        m - +2 morningstar (protect)
rCold   . . .        c - +0 buckler
rNeg    . . .        J - +2 plate armour
rPois   .            (helmet restricted)
rElec   .            o - +0 cloak
rCorr   .            z - +0 pair of gloves
SInv    .            n - +0 pair of boots
Will    .....        C - amulet of regeneration Stlth
                     y - +6 ring of strength
HPRegen 1.20/turn    r - +3 ring of strength
MPRegen 0.17/turn

%: no teleportation
@: afraid, very slow
A: horns 2, retaliatory headbutt
a: Renounce Religion, Bend Time, Temporal Distortion, Slouch, Step From Time


You were in the Dungeon.
You worshipped Cheibriados.
Cheibriados was exalted by your worship.
You visited 1 branch You collected 1906 gold pieces.
You spent 1428 gold pieces at shops.

Inventory:

Hand Weapons
 a - a +0 flail
 m - a +2 morningstar of protection (weapon)
 t - the +5 lajatang of Res Ipsa Loquitur {flame, *Noise rF+ rCorr Dex+2}
   (You found it in the Dungeon)

   Dex+2:     It affects your dexterity (+2).
   rF+:       It protects you from fire.
   *Noise:    It may make a loud noise when swung.
   rCorr:     It protects you from acid and corrosion.
Armour
 c - a +0 buckler (worn)
 n - a +0 pair of boots (worn)
 o - a +0 cloak (worn)
 p - a +1 chain mail
 z - a +0 pair of gloves (worn)
 A - a +0 plate armour
 E - +2 ice dragon scales
 J - a +2 plate armour (worn)
Jewellery
 q - a +3 ring of intelligence
 r - a +3 ring of strength (right hand)
 y - a +6 ring of strength (left hand)
 C - an amulet of regeneration (around neck)
 F - a ring of protection from fire
 G - a ring of positive energy
 H - a ring of protection from fire
 I - a ring of fire
Wands
 b - a wand of roots (6)
 l - a wand of acid (10)
Scrolls
 j - 4 scrolls of blinking
 k - 3 scrolls of amnesia
 u - 8 scrolls of enchant armour
 v - a scroll of fear
 w - 3 scrolls of fog
 x - a scroll of identify
 B - 3 scrolls of enchant weapon
 D - a scroll of brand weapon
Potions
 d - a potion of might
 e - 5 potions of curing
 f - 9 potions of heal wounds
 g - 3 potions of haste
 h - 4 potions of magic
 i - a potion of invisibility
 s - 2 potions of berserk rage
 K - a potion of mutation


   Skills:
 + Level 16.4 Fighting
 - Level 19.2 Maces & Flails
 + Level 16.3 Armour
 + Level 7.6 Dodging
 + Level 16.1 Shields
 + Level 12.2 Invocations


You had 11 spell levels left.
You didn't know any spells.
Your spell library was empty.

Dungeon Overview and Level Annotations

Branches:
Dungeon (1/1)

Altars:
Cheibriados
Dithmenos
Elyvilon
Fedhas
Gozag
Hepliaklqana
Kikubaaqudgha
Makhleb
Nemelex Xobeh
Okawaru
Qazlal
Ru
Sif Muna
Trog
Uskayaw
Vehumet
Wu Jian
Xom
Yredelemnul
Zin
The Shining One
Beogh
Jiyva
Lugonu

Shops:
D *??*


Innate Abilities, Weirdness & Mutations

You have a pair of horns on your head.
You reflexively headbutt those who attack you in melee.


Message History

The boulder beetle stops rolling and uncurls.
The cyclops hits you but does no damage.
The glowing orange brain pulsates ominously.
A spriggan air mage comes into view.
There is an open door to the Dungeon, spattered with blood here.
You see here a vampire mosquito corpse.
The spriggan air mage shouts!
You impale the cyclops!!
The cyclops is heavily wounded.
The cyclops barely misses you. You furiously retaliate!
You headbutt the cyclops.
The spriggan air mage waves its arms in wide circles.
The air twists around and strikes you.
The glowing orange brain pulsates.
You are confused.
You bump into the unnaturally hard rock wall.
The cyclops barely misses you.
The meliai calls down the wrath of its god upon you.
Something smites you!
The cyclops throws a large rock.
The large rock hits you!
You bump into the unnaturally hard rock wall.
You crush the cyclops like a grape!!!
You kill the cyclops!
You bump into the unnaturally hard rock wall.
The meliai calls down the wrath of its god upon you.
Something smites you!
The boulder beetle curls into a ball and begins rolling!
You feel less confused.
The glowing orange brain pulsates.
The meliai calls down the wrath of its god upon you.
Something smites you!
The spriggan air mage waves its arms in wide circles.
The air twists around and strikes you. The boulder beetle hits you!!!
* * * LOW HITPOINT WARNING * * *
The boulder beetle stops rolling and uncurls.
The glowing orange brain pulsates.
You resist with some effort.
The spriggan air mage waves its arms in wide circles.
The air twists around and strikes you. The boulder beetle bites you.
You die...
Cheibriados appreciates the motionlessness of death.

▓_▓.▓.▓.▓.▓.▓.▓
▓_▓.▓.▓.▓.▓.▓.▓
▓_▓.▓.▓.▓.▓.▓.▓
▓_▓.▓.▓.▓.▓.▓.▓
▓_▓.▓.▓.▓.▓.▓.▓
▓_▓.▓.▓.▓.▓.▓.▓
▓_▓.▓.▓.▓'▓.▓.▓
▓'▓.▓†▓.▓)▓.▓.▓
▓.▓.▓†▓.▓)▓.▓@▓
▓.▓.▓.▓.▓)▓.▓B▓
▓)▓.▓.▓.▓)▓.▓H▓
▓.▓.▓.▓.▓)▓.▓y▓
▓.▓.▓.▓.▓∩▓.▓H▓
▓.▓.▓.▓.▓)▓.▓.▓
▓.▓.▓.▓.▓∩▓.▓G▓
▓.▓.▓.▓.▓)▓.▓i▓
▓.▓.▓.▓.▓∩▓.▓


You could see a boulder beetle, a glowing orange brain (scary), a manticore, a
spriggan air mage (repels missiles), a harpy shaped shifter and a meliai.

Vanquished Creatures
  A stone giant (D)
  2 hydras (D)
  Erolcha (D)
  A two-headed ogre (D)
  A centaur warrior (D)
  6 orc high priests (D)
  A skyshark (D)
  3 orc knights (D)
  A manticore (D)
  2 cyclopes (D)
  3 cane toads (D)
  A black mamba (D)
  2 komodo dragons (D)
  2 trolls (D)
  3 polar bears (D)
  A wind drake (shapeshifter) (D)
  A shadow (D)
  A wyvern (D)
  A basilisk (D)
  A vampire mosquito (D)
  6 water moccasins (D)
  11 orc warriors (D)
  7 black bears (D)
  An ogre (D)
  A bullfrog (D)
  A wight (D)
  A killer bee (D)
  A howler monkey (D)
  A hound (D)
  9 orc priests (D)
  A gnoll bouda (D)
  3 orc wizards (D)
  An adder (D)
  6 orcs (D)
  An endoplasm (D)
  A giant cockroach (D)
  A hobgoblin (D)
  A bat (D)
  A frilled lizard (D)
90 creatures vanquished.

Vanquished Creatures (others)
  An unseen horror (D)
1 creature vanquished.

Grand Total: 91 creatures vanquished

Notes
Turn   | Place    | Note
-------+----------+-------------------------------------------
     0 | D        | adelrune the Minotaur Fighter began the quest for the Orb.
     0 | D        | Reached XP level 1. HP: 19/19 MP: 0/0
     5 | D        | Reached skill level 3 in Maces & Flails
    12 | D        | Reached XP level 2. HP: 27/27 MP: 1/1
    17 | D        | Noticed a black bear
    17 | D        | Noticed an ogre
    21 | D        | Reached skill level 4 in Maces & Flails
    27 | D        | Reached skill level 5 in Fighting
    27 | D        | Reached skill level 5 in Maces & Flails
    27 | D        | Reached skill level 5 in Armour
    27 | D        | Reached skill level 5 in Shields
    27 | D        | Reached XP level 3. HP: 28/36 MP: 2/2
    32 | D        | Killed a black bear
    33 | D        | Reached skill level 8 in Maces & Flails
    33 | D        | Reached XP level 4. HP: 45/45 MP: 3/3
    33 | D        | Reached XP level 5. HP: 51/51 MP: 4/4
    42 | D        | Killed an ogre
    43 | D        | Reached skill level 9 in Maces & Flails
    47 | D        | Found a roughly hewn altar of Beogh.
    47 | D        | Found a snail-covered altar of Cheibriados.
    47 | D        | Found a shadowy altar of Dithmenos.
    47 | D        | Found a white marble altar of Elyvilon.
    47 | D        | Found a blossoming altar of Fedhas.
    47 | D        | Found an opulent altar of Gozag.
    48 | D        | Found a hazy altar of Hepliaklqana.
    77 | D        | Found a viscous altar of Jiyva.
   141 | D        | Found an ancient bone altar of Kikubaaqudgha.
   142 | D        | Became a worshipper of Cheibriados the Contemplative
   143 | D        | Found a corrupted altar of Lugonu.
   144 | D        | Found a burning altar of Makhleb.
   145 | D        | Found a sparkling altar of Nemelex Xobeh.
   146 | D        | Found an iron altar of Okawaru.
   147 | D        | Found a stormy altar of Qazlal.
   148 | D        | Found a sacrificial altar of Ru.
   149 | D        | Found a shimmering blue altar of Sif Muna.
   150 | D        | Found a bloodstained altar of Trog.
   151 | D        | Found a hide-covered altar of Uskayaw.
   152 | D        | Found a radiant altar of Vehumet.
   153 | D        | Found an ornate altar of the Wu Jian Council.
   154 | D        | Found a shimmering altar of Xom.
   155 | D        | Found a basalt altar of Yredelemnul.
   156 | D        | Found a glowing silver altar of Zin.
   157 | D        | Found a glowing golden altar of the Shining One.
   210 | D        | Noticed an orc warrior
   210 | D        | Noticed a shadow
   210 | D        | Noticed a troll
   217 | D        | Killed an orc warrior
   218 | D        | Reached skill level 10 in Maces & Flails
   218 | D        | Reached skill level 1 in Invocations
   218 | D        | Reached XP level 6. HP: 34/61 MP: 4/6
   223 | D        | Killed a shadow
   223 | D        | Reached * piety under Cheibriados
   224 | D        | Reached skill level 11 in Maces & Flails
   224 | D        | Reached XP level 7. HP: 36/69 MP: 4/8
   228 | D        | Killed a troll
   229 | D        | Reached skill level 12 in Maces & Flails
   237 | D        | Reached ** piety under Cheibriados
   367 | D        | Noticed a troll
   367 | D        | Noticed a manticore
   367 | D        | Noticed a centaur warrior
   367 | D        | Noticed a two-headed ogre
   367 | D        | Noticed a cyclops
   371 | D        | Killed a troll
   371 | D        | Reached *** piety under Cheibriados
   372 | D        | Reached skill level 13 in Maces & Flails
   372 | D        | Reached skill level 5 in Invocations
   372 | D        | Reached XP level 8. HP: 79/79 MP: 6/10
   376 | D        | Killed a manticore
   377 | D        | Reached skill level 10 in Fighting
   377 | D        | Reached skill level 10 in Armour
   377 | D        | Reached skill level 10 in Shields
   377 | D        | Killed an unseen horror
   381 | D        | Killed a centaur warrior
   381 | D        | Reached **** piety under Cheibriados
   382 | D        | Reached skill level 14 in Maces & Flails
   382 | D        | Reached XP level 9. HP: 65/89 MP: 7/12
   386 | D        | Killed a cyclops
   387 | D        | Reached skill level 15 in Maces & Flails
   393 | D        | Killed a two-headed ogre
   633 | D        | Got the +5 lajatang of Res Ipsa Loquitur {flame, *Noise rF+
                  | rCorr Dex+2}
   645 | D        | Noticed a cane toad
   645 | D        | Noticed a cane toad
   646 | D        | Noticed a polar bear
   667 | D        | Killed a cane toad
   668 | D        | Reached skill level 16 in Maces & Flails
   670 | D        | Noticed a black mamba
   671 | D        | Reached ***** piety under Cheibriados
   676 | D        | Killed a cane toad
   677 | D        | Reached XP level 10. HP: 65/99 MP: 13/15
   693 | D        | Killed a black mamba
   694 | D        | Reached skill level 17 in Maces & Flails
   697 | D        | Reached ****** piety under Cheibriados
   878 | D        | Noticed a cane toad
   883 | D        | Killed a cane toad
   883 | D        | Noticed a skyshark
   898 | D        | Killed a skyshark
   899 | D        | Reached skill level 18 in Maces & Flails
   934 | D        | Noticed an eight-headed hydra
   940 | D        | Killed an eight-headed hydra
   988 | D        | Reached XP level 11. HP: 110/110 MP: 17/17
  1088 | D        | Noticed Erolcha
  1090 | D        | Killed Erolcha
  1091 | D        | Reached skill level 19 in Maces & Flails
  1091 | D        | Reached skill level 10 in Invocations
  1192 | D        | Noticed an orc knight
  1192 | D        | Noticed a stone giant
  1192 | D        | Noticed an orc knight
  1195 | D        | Noticed an orc knight
  1201 | D        | Killed a stone giant
  1207 | D        | Killed an orc knight
  1210 | D        | Killed an orc knight
  1215 | D        | Killed an orc knight
  1216 | D        | Reached skill level 15 in Fighting
  1216 | D        | Reached skill level 15 in Armour
  1490 | D        | Found Zadimy's General Store.
  1490 | D        | Noticed an orc high priest
  1490 | D        | Noticed an orc high priest
  1493 | D        | Found Haumag Lukk's Magic Scroll Shoppe.
  1497 | D        | Killed an orc high priest
  1498 | D        | Reached skill level 5 in Dodging
  1498 | D        | Reached skill level 15 in Shields
  1499 | D        | Killed an orc high priest
  1500 | D        | Found Xozadep's Magic Scroll Emporium.
  1500 | D        | Noticed an orc high priest
  1504 | D        | Noticed a sixfirhy
  1506 | D        | Noticed an orc high priest
  1510 | D        | Found Meorerech's General Store.
  1510 | D        | Noticed a soul eater
  1522 | D        | Killed an orc high priest
  1523 | D        | Noticed a soul eater
  1523 | D        | Killed an orc high priest
  1524 | D        | Noticed an orc high priest
  1527 | D        | Noticed an orc high priest
  1532 | D        | Killed an orc high priest
  1534 | D        | Killed an orc high priest
  1535 | D        | Reached XP level 12. HP: 44/122 MP: 5/20
  1745 | D        | Bought a scroll of enchant armour for 75 gold pieces
  1745 | D        | Bought a scroll of enchant weapon for 75 gold pieces
  1750 | D        | Bought an amulet of regeneration for 300 gold pieces
  1757 | D        | Bought a scroll of enchant armour for 82 gold pieces
  1757 | D        | Bought a scroll of brand weapon for 104 gold pieces
  1768 | D        | Bought +2 ice dragon scales for 792 gold pieces
  1956 | D        | Noticed a boulder beetle
  1956 | D        | Noticed an eight-headed hydra
  1972 | D        | Killed an eight-headed hydra
  1973 | D        | Noticed a spriggan air mage
  1980 | D        | HP: 2/124 [boulder beetle (42)]
  1980 | D        | Slain by a boulder beetle

Illustrated notes

Levels and vault maps discovered:
D:        linesprint [early_d, line_temple, items_1, d_10, items_2, lair_1,
          lair_end, items_3, orc_1, orc_end, items_4, d_15, swamp_1, shoals_1,
          snake_1, spider_1, d_20, vaults_1, items_5, swamp_end, shoals_end,
          snake_end, spider_end, vaults_end, d_27, items_6, zot_1, zot_end,
          crypt_end, forest_end, elf_end, slime_end, tomb_end, abyss_end,
          pan_hell_end]

Skill      XL: |  1  2  3  4  5  6  7  8  9 10 11 12 |
---------------+-------------------------------------+-----
Maces & Flails | 3 5 8 10 11 13 14 16 18 19 | 19.2
Fighting       | 4 5 6 8 9 11 12 14 16 | 16.4
Armour         | 4 5 6 8 9 11 12 14 16 | 16.3
Shields        | 4 5 6 8 9 10 12 13 15 16 | 16.1
Invocations    | 1 3 5 6 8 9 12 | 12.2
Dodging        | 7 |  7.6

Action                     |  1- 3 |  4- 6 |  7- 9 | 10-12 || total
---------------------------+-------+-------+-------+-------++-------
  Melee: Flail             |    20 |     9 |       |       ||    29
         Headbutt          |     2 |     4 |    12 |    41 ||    59
         Morningstar       |       |    12 |    57 |   172 ||   241
 Invoke: Bend Time         |       |       |     2 |       ||     2
         Slouch            |       |       |       |     3 ||     3
    Use: Potion            |     1 |       |       |     1 ||     2
 Armour: Scale mail        |    14 |     4 |       |       ||    18
         Chain mail        |       |     8 |    47 |    41 ||    96
         Plate armour      |       |       |       |    55 ||    55
  Dodge: Dodged            |    14 |     1 |    22 |    64 ||   101
  Block: Buckler           |     4 |     4 |    17 |    57 ||    82

Table legend: (Time is in decaauts)
 A = Elapsed time spent in this place.
 B = Non-inter-level travel time spent in this place.
 C = Inter-level travel time spent in this place.
 D = Time resting spent in this place.
 E = Time spent auto-exploring this place.
 F = Levels seen in this place.
 G = Mean time per level.
                   A        B        C        D        E       F      G
               +--------+--------+--------+--------+--------+-----+--------+
         Total |   2388 |   2388 |      0 |    754 |    802 |   1 | 2388.0 |
       Dungeon |   2388 |   2388 |      0 |    754 |    802 |   1 | 2388.0 |
               +--------+--------+--------+--------+--------+-----+--------+

Top non-repeatable levels by time:
       D: 2388 daAuts
